 Dungeon Crawl Stone Soup version 0.23.2-1-ga50397a6bc (webtiles) character file.

Game seed: 16257146070443145290

110 Ikoden the Gusty (level 4, -1/24 HPs)
             Began as a Tengu Air Elementalist on May 14, 2019.
             Was an Initiate of Sif Muna.
             Slain by Blork the orc
             ... wielding a cursed -3 flail
              (5 damage)
             ... on level 4 of the Dungeon.
             The game lasted 00:10:19 (4167 turns).

Ikoden the Gusty (Tengu Air Elementalist)           Turns: 4167, Time: 00:10:20

Health: -1/24      AC:  2    Str: 13    XL:     4   Next: 91%
Magic:  1/8        EV: 13    Int: 21    God:    Sif Muna [......]
Gold:   68         SH:  0    Dex: 15    Spells: 4/8 levels left

rFire    + . .     SeeInvis .     - Unarmed
rCold    . . .     Gourm    .   (no shield)
rNeg     . . .     Faith    .   a - +0 robe
rPois    .         Spirit   .   (helmet restricted)
rElec    .         Reflect  .   (no cloak)
rCorr    .         Harm     .   (no gloves)
MR       .....                  (boots unavailable)
Stlth    ++........             (no amulet)
HPRegen  0.08/turn              d - ring of protection from fire
MPRegen  0.11/turn              (no ring)

@: mighty, brilliant
A: beak, talons 3
a: Renounce Religion


You were on level 4 of the Dungeon.
You worshipped Sif Muna.
Sif Muna was noncommittal.
You were not hungry.

You visited 1 branch of the dungeon, and saw 4 of its levels.

You collected 68 gold pieces.

Inventory:

Armour
 a - a +0 robe (worn)
Jewellery
 d - a ring of protection from fire (left hand)
Scrolls
 b - 2 scrolls of identify {unknown}
 h - 3 scrolls of remove curse {unknown}
 i - a scroll of enchant armour {unknown}
 n - a scroll of random uselessness {unknown}
Potions
 e - a potion of degeneration {unknown}
 l - a potion of haste {unknown}


   Skills:
 * Level 0.6 Fighting
 * Level 2.6 Dodging
 + Level 2.1 Stealth
 * Level 1.2 Unarmed Combat
 * Level 2.6 Spellcasting
 * Level 2.8 Conjurations
 * Level 5.2 Air Magic


You had 4 spell levels left.
You knew the following spells:

 Your Spells              Type           Power        Failure   Level  Hunger
a - Shock                 Conj/Air       ####         1%          1    None
b - Static Discharge      Conj/Air       ####....     1%          3    ###....

Your spell library contained the following spells:

 Spells                   Type           Power        Failure   Level  Hunger
 Swiftness                Chrm/Air       ####....     1%          2    ##.....
 Airstrike                Air            #####.....   1%          4    ####...
 Lightning Bolt           Conj/Air       ####......   9%          5    ######.


Dungeon Overview and Level Annotations

Branches:
Dungeon (4/15)
 Temple: D:4-7

Altars:
Cheibriados
Elyvilon
Okawaru
Sif Muna
Zin

Annotations:
D:4 Blork the orc


Innate Abilities, Weirdness & Mutations

You have a beak for a mouth.
You have claws for feet.


Message History

Confirm with . or Enter, or press ? or * to list all spells.
Aiming: Shock (safe; 3% risk of failure)
Press: ? - help, Shift-Dir - straight line, f/p - Blork the orc
Aim: Blork the orc, wielding a -3 flail and wearing a +0 robe (moderately wounded)
The zap hits Blork the orc.
Blork the orc is moderately wounded.
It was a potion of cancellation.
Your magical effects are unravelling.
You feel magically purged.
Your magical contamination has completely faded away.
You feel a little less agile now.
Blork the orc hits you with a cursed -3 flail.
* * * LOW HITPOINT WARNING * * *
It was a potion of might.
You feel very mighty all of a sudden.
Blork the orc begins to cast a cantrip, but forgets the words!
It was a potion of brilliance.
You feel clever all of a sudden.
Blork the orc hits you with a cursed -3 flail.
You die...

#..####
#....#
#..<.#
#....##
#.....## #
#......#
...#.####.#
##...####.#
........o@#
####...##.#
#?... ..#
.....####.#
#.##. ### #
#


You could see Blork the orc.

Vanquished Creatures
  3 adders
  An ooze (D:1)
  A worm (D:3)
  2 dart slugs (D:3)
  A leopard gecko (D:1)
  An orc (D:3)
  2 giant cockroaches
  10 hobgoblins
  7 jackals (D:3)
  9 kobolds
  2 quokkas
  2 ball pythons
  8 bats
  5 frilled lizards
  6 goblins
  8 rats
68 creatures vanquished.

Notes
Turn   | Place    | Note
-------+----------+-------------------------------------------
     0 | D:1      | Ikoden the Tengu Air Elementalist began the quest for the
                  | Orb.
     0 | D:1      | Reached XP level 1. HP: 10/10 MP: 4/4
   374 | D:1      | Reached XP level 2. HP: 4/15 MP: 0/6
  1512 | D:1      | Reached XP level 3. HP: 19/19 MP: 5/7
  1559 | D:2      | Learned a level 3 spell: Static Discharge
  1910 | D:2      | Reached skill level 5 in Air Magic
  2060 | D:2      | Found a snail-covered altar of Cheibriados.
  2060 | D:2      | Found a white marble altar of Elyvilon.
  2067 | D:2      | Found an iron altar of Okawaru.
  2073 | D:2      | Found a glowing silver altar of Zin.
  2075 | D:2      | Found a deep blue altar of Sif Muna.
  2085 | D:2      | Became a worshipper of Sif Muna the Loreminder
  2133 | D:2      | Reached XP level 4. HP: 9/24 MP: 3/8
  3111 | D:3      | Reached skill level 1 in Unarmed Combat
  4151 | D:4      | Noticed Blork the orc
  4167 | D:4      | Slain by Blork the orc

Skill      XL: |  1  2  3  4 |
---------------+-------------+-----
Conjurations   | 2 |  2.8
Air Magic      | 5 |  5.2
Unarmed Combat | 1 |  1.2
Fighting       | |  0.6
Dodging        | |  2.6
Stealth        | |  2.1
Spellcasting   | |  2.6

Action                   |  1- 3 |  4- 6 || total
-------------------------+-------+-------++-------
Melee: Unarmed           |    42 |    12 ||    54
       Peck              |     8 |     2 ||    10
       Kick              |     8 |     3 ||    11
 Cast: Shock             |    56 |    40 ||    96
       Static Discharge  |     2 |     8 ||    10
  Use: Potion            |       |     7 ||     7
 Stab: Sleeping          |     3 |       ||     3
  Eat: Ration            |     1 |     2 ||     3
       Chunk             |     1 |     2 ||     3
Armor: Robe              |     5 |     3 ||     8
Dodge: Dodged            |    35 |    12 ||    47
